 Dungeon Crawl Stone Soup version 0.29.1-12-g30fa7ad0bf (webtiles) character file.

Game seed: 12672510373388854126

122 Descartes the Firebug (level 4, 30/30 HPs)
             Began as a Demonspawn Fire Elementalist on Jan 17, 2023.
             Got out of the dungeon alive.
             The game lasted 00:06:49 (2584 turns).

Descartes the Firebug (DsFE)                        Turns: 2584, Time: 00:06:49

Health: 30/30      AC:  6    Str:  8    XL:     4   Next: 78%
Magic:  7/7        EV: 12    Int: 18    God:
Gold:   83         SH:  0    Dex: 18    Spells: 6/7 levels left

rFire   . . .      SeeInvis .   k - +0 dagger
rCold   . . .      Faith    .   (no shield)
rNeg    . . .      Spirit   .   a - +0 robe
rPois   .          Reflect  .   (no helmet)
rElec   .          Harm     .   (no cloak)
rCorr   .          Rampage  .   (no gloves)
Will    .....                   (no boots)
Stlth   ++++......              (no amulet)
HPRegen 0.10/turn               g - +4 ring of protection
MPRegen 0.10/turn               (no ring)

@: no status effects
A: thin skeletal structure 2, spiny 1
a: no special abilities


You escaped.
You visited 1 branch of the dungeon, and saw 3 of its levels.

You collected 83 gold pieces.

Inventory:

Hand Weapons
 k - a +0 dagger (weapon)
Armour
 a - a +0 robe (worn)
 p - a +0 pair of gloves
Jewellery
 g - a +4 ring of protection (left hand)
Scrolls
 c - 2 scrolls of teleportation {unknown}
 d - 6 scrolls of identify {unknown}
 e - a scroll of noise {unknown}
 f - a scroll of magic mapping {unknown}
 j - 2 scrolls of enchant armour {unknown}
 n - a scroll of vulnerability {unknown}
 o - a scroll of brand weapon {unknown}
Potions
 b - a potion of magic
 h - 2 potions of heal wounds {unknown}
 i - 2 potions of curing {unknown}
 l - a potion of might {unknown}
 m - a potion of attraction {unknown}


   Skills:
 - Level 1.7 Dodging
 - Level 1.7 Stealth
 - Level 2.0 Spellcasting
 + Level 1.4 Conjurations
 - Level 5.0 Fire Magic


You had 6 spell levels left.
You knew the following spells:

 Your Spells              Type           Power      Damage    Failure   Level
a - Foxfire               Conj/Fire      52%        2x1d6     4%          1

Your spell library contained the following spells:

 Spells                   Type           Power      Damage    Failure   Level
 Scorch                   Fire           38%        2d6       3%          2
 Conjure Flame            Conj/Fire      13%        6-21      14%         3
 Inner Flame              Hex/Fire       10%        N/A       19%         3
 Flame Wave               Conj/Fire      13%        2d6       43%         4
 Gell's Gravitas          Tloc           1%         N/A       47%         3
 Lesser Beckoning         Tloc           1%         N/A       47%         3
 Teleport Other           Tloc           1%         N/A       47%         3


Dungeon Overview and Level Annotations

Branches:
Dungeon (3/15)

Altars:


Innate Abilities, Weirdness & Mutations

You have a moderately thin skeletal structure. (Dex +4, Stealth++)
You are partially covered in sharp spines.


Message History

A bat is nearby! 3 jackals come into view.
The helpless jackal fails to defend itself.
You hit the jackal.
You kill the jackal!
You miss the bat. The bat is struck by your spines.
You kill the bat!
The helpless jackal fails to defend itself.
You puncture the jackal!
You kill the jackal!
A jackal comes into view.
You see here a jackal corpse.
The helpless jackal fails to defend itself.
You puncture the jackal!
You kill the jackal!
The helpless jackal fails to defend itself.
You puncture the jackal!
You kill the jackal!
No target in view!
No target in view!
No target in view!
No target in view!
No target in view!
No target in view!
You see here a jackal corpse.
Found a leather armour.
You now have 83 gold pieces (gained 16).
There is a stone staircase leading up here.
You climb upwards.
There is a stone staircase leading down here.
There is a stone staircase leading up here.
You climb upwards.
There is a stone staircase leading down here.
You see here a +0 dagger.
As you open the door, it creaks loudly!
You can't go up here!
There is an open door here.
There is a staircase leading out of the dungeon here.
Are you sure you want to leave the Dungeon?
This will make you lose the game!
You have escaped!

##.....#.....
##............
#.............
#.............
######'###........
#PPPPP.P♣#........
#≈PP.....'........
#####
#.....~PP#........
#...#
#@.~PPPP≈#..#.....
#.#.##
##########.#######
#.#..# ##...##
#..).#### #[.###
####....## #..#
#.##..# #.##
#.###.# #######.#
### #.# #.#
#...##..###
..#####.#
#.###...##....#


There were no monsters in sight!

Vanquished Creatures
  4 gnolls (D:2)
  4 adders
  A worm (D:3)
  An orc (D:3)
  2 ball pythons (D:1)
  5 bats
  5 endoplasms
  2 giant cockroaches (D:1)
  2 goblins
  3 hobgoblins
  4 jackals (D:3)
  A quokka (D:1)
  7 kobolds
  3 rats
44 creatures vanquished.

Vanquished Creatures (others)
  203 foxfires
203 creatures vanquished.

Grand Total: 247 creatures vanquished

Notes
Turn   | Place    | Note
-------+----------+-------------------------------------------
     0 | D:1      | Descartes the Demonspawn Fire Elementalist began the quest
                  | for the Orb.
     0 | D:1      | Reached XP level 1. HP: 13/13 MP: 3/3
   150 | D:1      | Reached skill level 3 in Fire Magic
   309 | D:1      | Gained mutation: You are partially covered in sharp spines.
                  | [demonic ancestry]
   309 | D:1      | Reached XP level 2. HP: 19/19 MP: 0/5
  1127 | D:2      | Gained mutation: You have a somewhat thin skeletal
                  | structure. (Dex +2, Stealth+) [demonic ancestry]
  1127 | D:2      | Reached XP level 3. HP: 18/24 MP: 0/6
  1131 | D:2      | Reached skill level 4 in Fire Magic
  1740 | D:2      | Gained mutation: You have a moderately thin skeletal
                  | structure. (Dex +4, Stealth++) [demonic ancestry]
  1740 | D:2      | Reached XP level 4. HP: 30/30 MP: 0/7
  2289 | D:3      | Reached skill level 5 in Fire Magic
  2584 | D:$      | Got out of the dungeon alive.

Illustrated notes

Levels and vault maps discovered:
D:1:      tarquinn_simple_flora_water_f, layout_rooms
D:2:      layout_rooms, kennysheep_boxes
D:3:      layout_basic, mainiacjoe_overflow_tiny_flanked,
          uniq_crazy_yiuf_cottage

Skill      XL: |  1  2  3  4 |
---------------+-------------+-----
Fire Magic     | 3 4 5 |  5.0
Dodging        | |  1.7
Stealth        | |  1.7
Spellcasting   | |  2.0
Conjurations   | |  1.4

Action                   |  1- 3 |  4- 6 || total
-------------------------+-------+-------++-------
Melee: Unarmed           |     5 |       ||     5
       Dagger            |       |     5 ||     5
 Cast: Foxfire           |    80 |    31 ||   111
 Stab: Sleeping          |       |     4 ||     4
Armor: Robe              |     7 |     1 ||     8
Dodge: Dodged            |    18 |     6 ||    24
